 Dungeon Crawl Stone Soup version 0.30-a0-463-g4188047c90 (webtiles) character file.

Game seed: 15597011326451992850

278499 NoAnimeNoLife the Alchemist (level 20, -1/139 HPs)
             Began as an Octopode Transmuter on Dec 17, 2022.
             Was a High Priest of Ashenzari.
             Slain by a vault guard
             ... wielding a +0 war axe
             ... led by a vault warden
              (4 damage)
             ... on level 1 of the Vaults.
             The game lasted 01:33:00 (46560 turns).

NoAnimeNoLife the Alchemist (Octopode Transmuter)  Turns: 46560, Time: 01:33:01

Health: -1/139     AC: 21    Str: 12    XL:     20   Next: 42%
Magic:  28/33      EV: 27    Int: 24    God:    Ashenzari [*****.]
Gold:   2234       SH:  0    Dex: 19    Spells: 9/37 levels left

rFire   . . .      SeeInvis +      - Unarmed
rCold   + . .      Faith    .    (shield currently unavailable)
rNeg    + . .      Spirit   .    (helmet currently unavailable)
rPois   ∞          Reflect  .    a - necklace of Bloodlust {*Rage Will++ Int-3 Slay+6, Evo, Elem} (curse)
rElec   +          Harm     .    d - ring "Bound Together" {Will+, Fort, Melee} (curse)
rCorr   +          Rampage  .    k - ring "Astral Visionary" {rCorr, Range, Alch} (curse)
Will    ++++.      Clarity  +    Q - ring of Ashenzari's Jealousy {rC+, Comp, Melee} (curse)
Stlth   ++++++....               g - ring of the Lashed Gnosis {Int+6, Alch, Fort} (curse)
HPRegen 0.43/turn                s - ring of Curses and Power {Dex+6, Evo, Comp} (curse)
MPRegen 0.23/turn                W - ring of Toth-Mos's Legacy {Slay+4, Bglg, Evo} (curse)
                                 G - ring "Restrained With Me" {AC+4, Comp, Bglg} (curse)
                                 p - ring of positive energy

@: storm-form, flying, studying Long Blades
A: cleaving, insubstantial, flying, almost no armour, amphibious, 8 rings,
(camouflage 1), (gelatinous body 1), (nimble swimmer 1), (tentacles)
}: 2/15 runes: serpentine, barnacled
a: Blinkbolt, End Transformation, Renounce Religion, Shatter the Chains


You were on level 1 of the Vaults.
You worshipped Ashenzari.
Ashenzari was extremely pleased with you.
You were a lightning-filled tempest!
You visited 6 branches of the dungeon, and saw 31 of its levels.
You visited the Abyss 1 time.

You collected 4056 gold pieces.
You spent 1822 gold pieces at shops.

Inventory:

Missiles
 S - 2 throwing nets
Armour
 N - the cursed +2 buckler of the Clairvoyant Comet (melded) {AC+3, Melee, Cun}
   (You found it on level 1 of the Orcish Mines)

   It has a curse which improves the following skills: Melee Combat: Short
   Blades, Long Blades, Axes, Maces & Flails, Polearms, Staves and Unarmed
   Combat.
   Cunning:   Dodging and Stealth.
Jewellery
 a - the cursed necklace of Bloodlust (around neck) {*Rage Will++ Int-3 Slay+6, Evo, Elem}
   (You found it on level 1 of the Orcish Mines)

   [amulet of nothing]

   It extends the wearer's berserk rage when killing foes.
   Int:       It affects your intelligence (-3).
   Slay:      It affects your accuracy & damage with ranged weapons and melee
   (+6).
   *Rage:     It berserks you when you make melee attacks (+50% chance).
   Will:      It greatly increases your willpower.
   It has a curse which improves the following skills: Evocations: Evocations.
   Elements:  Fire Magic, Ice Magic, Air Magic and Earth Magic.
 c - the brooch of Shielding {Spirit SH+8}
   (You found it on level 14 of the Dungeon)

   [amulet of guardian spirit]

   It causes incoming damage to be divided between your reserves of health and
   magic.
   SH:        It affects your SH (+8).
 d - the cursed ring "Bound Together" (left tentacle) {Will+, Fort, Melee}
   (You found it on level 1 of the Dungeon)

   [ring of willpower]

   Will:      It increases your willpower.
   It has a curse which improves the following skills: Fortitude: Shields.
   Melee Combat: Short Blades, Long Blades, Axes, Maces & Flails, Polearms,
   Staves and Unarmed Combat.
 g - the cursed ring of the Lashed Gnosis (on tentacle) {Int+6, Alch, Fort}
   (You found it on level 8 of the Dungeon)

   [ring of intelligence]

   Int:       It affects your intelligence (+6).
   It has a curse which improves the following skills: Alchemy: Poison Magic and
   Transmutations.
   Fortitude: Shields.
 k - the cursed ring "Astral Visionary" (right tentacle) {rCorr, Range, Alch}
   (You found it on level 3 of the Dungeon)

   [ring of resist corrosion]

   rCorr:     It protects you from acid and corrosion.
   It has a curse which improves the following skills: Ranged Combat: Ranged
   Weapons and Throwing.
   Alchemy:   Poison Magic and Transmutations.
 p - a ring of positive energy (on tentacle)
 s - the cursed ring of Curses and Power (on tentacle) {Dex+6, Evo, Comp}
   (You found it on level 5 of the Dungeon)

   [ring of dexterity]

   Dex:       It affects your dexterity (+6).
   It has a curse which improves the following skills: Evocations: Evocations.
   Companions: Summonings and Necromancy.
 D - an amulet of reflection
 G - the cursed ring "Restrained With Me" (on tentacle) {AC+4, Comp, Bglg}
   (You bought it in a shop on level 10 of the Dungeon)

   [ring of protection]

   AC:        It affects your AC (+4).
   It has a curse which improves the following skills: Companions: Summonings
   and Necromancy.
   Beguiling: Conjurations, Hexes and Translocations.
 J - a ring of magical power
 M - a ring of willpower
 P - a ring of protection from cold
 Q - the cursed ring of Ashenzari's Jealousy (on tentacle) {rC+, Comp, Melee}
   (You found it on level 5 of the Lair of Beasts)

   [ring of protection from cold]

   rC:        It protects you from cold.
   It has a curse which improves the following skills: Companions: Summonings
   and Necromancy.
   Melee Combat: Short Blades, Long Blades, Axes, Maces & Flails, Polearms,
   Staves and Unarmed Combat.
 R - a ring of wizardry
 W - the cursed ring of Toth-Mos's Legacy (on tentacle) {Slay+4, Bglg, Evo}
   (You found it on level 4 of the Shoals)

   [ring of slaying]

   Slay:      It affects your accuracy & damage with ranged weapons and melee
   (+4).
   It has a curse which improves the following skills: Beguiling: Conjurations,
   Hexes and Translocations.
   Evocations: Evocations.
Wands
 l - a wand of iceblast (1)
 m - a wand of mindburst (8)
 u - a wand of flame (64)
 v - a wand of digging (19)
 x - a wand of polymorph (16)
 y - a wand of charming (31)
Scrolls
 i - 9 scrolls of teleportation
 n - a scroll of brand weapon
 w - 6 scrolls of enchant armour
 A - 3 scrolls of torment
 B - a scroll of amnesia
 E - a scroll of fear (quivered)
 F - 2 scrolls of fog
 O - 4 scrolls of enchant weapon
 T - 3 scrolls of butterflies
 U - a scroll of silence
 X - 2 scrolls of blinking
 Y - a scroll of magic mapping
Potions
 b - a potion of resistance
 e - 4 potions of degeneration
 f - 3 potions of cancellation
 h - 5 potions of mutation
 j - 4 potions of lignification
 o - 6 potions of attraction
 q - 5 potions of brilliance
 r - 4 potions of curing
 t - 5 potions of berserk rage
 z - 2 potions of flight
 C - 3 potions of magic
 H - a potion of haste
 K - a potion of ambrosia
 L - 6 potions of might
 Z - 3 potions of heal wounds
Miscellaneous
 I - a condenser vane
 V - a phial of floods


   Skills:
 - Level 12.7 Fighting
 - Level 11.6 Dodging
 - Level 15.3 Stealth
 - Level 2.2(4.8) Shields
 - Level 13.0(16.4) Unarmed Combat
 - Level 9.4 Spellcasting
 + Level 12.2(15.6) Conjurations
 - Level 7.6(11.1) Translocations
 - Level 15.7(19.1) Transmutations
 - Level 6.4(8.8) Ice Magic
 - Level 13.1(15.3) Air Magic
 - Level 6.9(10.4) Poison Magic
 - Level 8.2(12.7) Evocations


You had 9 spell levels left.
You knew the following spells:

 Your Spells              Type           Power      Damage    Failure   Level
a - Beastly Appendage     Tmut           100%       N/A       0%          1
b - Wereblood             Tmut           80%        N/A       0%          2
c - Olgreb's Toxic Radia  Pois           57%        N/A       1%          4
d - Manifold Assault      Tloc           59%        N/A       1%          4
f - Blink                 Tloc           100%       N/A       1%          2
g - Airstrike             Air            35%        2d(6-22)  1%          4
h - Ice Form              Ice/Tmut       67%        N/A       1%          4
i - Storm Form            Tmut/Air       38%        N/A       4%          7

Your spell library contained the following spells:

 Spells                   Type           Power      Damage    Failure   Level
 Sting                    Tmut/Pois      100%       1d8       0%          1
 Foxfire                  Conj/Fire      100%       2x1d9     1%          1
 Kiss of Death            Conj/Necr      100%       2d13      1%          1
 Passwall                 Tmut/Erth      45%        N/A       1%          2
 Poisonous Vapours        Pois/Air       100%       N/A       1%          2
 Gell's Gravitas          Tloc           59%        N/A       1%          3
 Hailstorm                Conj/Ice       63%        3d13      1%          3
 Lesser Beckoning         Tloc           100%       N/A       1%          3
 Ozocubu's Armour         Ice            52%        N/A       1%          3
 Spider Form              Tmut/Pois      70%        N/A       1%          3
 Stone Arrow              Conj/Erth      98%        3d13      1%          3
 Teleport Other           Tloc           59%        N/A       1%          3
 Fulminant Prism          Conj/Hex       24%        3d12      1%          4
 Summon Lightning Spire   Summ/Air       49%        N/A       1%          4
 Irradiate                Conj/Tmut      38%        3d24      1%          5
 Iskenderun's Battlesphe  Conj           72%        2d12      1%          5
 Lightning Bolt           Conj/Air       36%        1d54      1%          5
 Sandblast                Erth           24%        2d8       4%          1
 Fireball                 Conj/Fire      24%        3d11      6%          5
 Summon Ice Beast         Ice/Summ       34%        N/A       8%          4
 Inner Flame              Hex/Fire       13%        N/A       14%         3
 Starburst                Conj/Fire      24%        6d8       32%         6
 Cause Fear               Hex            6%         N/A       41%         4
 Maxwell's Capacitive Co  Air            35%        ∞         54%         8
 Summon Mana Viper        Hex/Summ       14%        N/A       77%         5
 Simulacrum               Ice/Necr       17%        N/A       77%         6
 Ozocubu's Refrigeration  Ice            26%        4d13      77%         7
 Malign Gateway           Summ/Tloc      19%        N/A       99%         7
 Haunt                    Necr/Summ      7%         N/A       100%        7
 Monstrous Menagerie      Summ           7%         N/A       100%        7
 Discord                  Hex            6%         N/A       100%        8
 Necromutation            Tmut/Necr      28%        N/A       100%        8
 Summon Horrible Things   Summ           7%         N/A       100%        8


Dungeon Overview and Level Annotations

Branches:
Dungeon (15/15)            Temple (0/1) D:4            Lair (5/5) D:10
 Shoals (4/4) Lair:3        Snake (4/4) Lair:3        Slime (0/5) Lair:5
    Orc (2/2) D:12            Elf (0/3) Orc:2        Vaults (1/5) D:14
 Depths (0/4) D:15

Altars:
Ashenzari
Cheibriados
Dithmenos
Elyvilon
Gozag
Hepliaklqana
Kikubaaqudgha
Makhleb
Okawaru
Trog
Uskayaw
Xom
Yredelemnul
Zin
The Shining One
Jiyva

Shops:
D:4 **   D:5 !   D:10 =   Orc:1 [   Orc:2 :([!   Snake:4 =::

Annotations:
D:3 1 runed translucent door, Crazy Yiuf
D:9 3 runed translucent doors, Heedrag's ghost, novice DsCj
Lair:2 3 runed translucent doors, Opifex's ghost, journeyman TrFi
Orc:1 1 exclusion


Innate Abilities, Weirdness & Mutations

You are a lightning-filled tempest!
Your electrical attacks strike out in all directions at once.
You are incredibly evasive.
Your insubstantial body is immune to petrification, constriction, and being set on fire You are flying.
You are immune to poison.
Your armour is entirely melded.
You are incapable of wielding weapons or throwing items.
You cannot wear most types of armour.
You are amphibious.
You can wear up to eight rings at the same time.
((Your skin changes colour to match your surroundings (Stealth+).))
((Your rubbery body absorbs attacks. (AC +1, EV +1)))
((You are camouflaged when in or above water. (Stealth+)))
((You have tentacles for arms and can constrict up to eight enemies at once.))


Message History

The ironbound preserver seems to grow stronger.
An ironbound preserver comes into view. It is wielding a +0 great mace.
The deep troll completely misses you.
The deep troll claws you but does no damage.
The deep troll misses you.
You buffet the deep troll!
You kill the deep troll!
The yaktaur shoots a bolt.
The bolt closely misses you.
The vault guard hits you with a +0 war axe!
The yaktaur shoots a bolt.
The bolt misses you.
You batter the vault guard!!
The vault guard is heavily wounded.
The vault warden hits you from afar with a +0 bardiche of flaming!!!
The vault warden burns you.
You are too injured to fight recklessly!
You are too injured to fight recklessly!
Casting: Storm Form (dangerous; 4% risk of failure)
Confirm with . or Enter, or press ? or * to list all spells.
Okay, then.
Casting: Storm Form (dangerous; 4% risk of failure)
Confirm with . or Enter, or press ? or * to list all spells.
Okay, then.
Read: 2 scrolls of fear
Press: ? - help, Q - select action, (/) - cycle Dir - look around, f - activate You can't see that place. [a stone wall.]
As you read the scroll of fear, it crumbles to dust.
You assume a fearsome visage.
The yaktaur looks frightened!
The vault warden resists with some effort.
The ironbound preserver looks frightened!
The vault guard resists with some effort.
The ironbound convoker looks frightened!
The vault warden hits you from afar with a +0 bardiche of flaming!!!
* * * LOW HITPOINT WARNING * * *
The vault warden burns you.
* * * LOW HITPOINT WARNING * * *
The ironbound convoker pleads, "Please don't kill me!"
The vault guard hits you with a +0 war axe.
You die...

*,,...........#.>.......[.
,...........#...........
...........+...######)# *,
...........#...#....)[. *,
...........#...#....)..
,...........#...#.......
######+####...#...##'#
#.....)# #...+...#...
#..cpv.# #...#.[.#...
#......# #...#...#...
#....p.# * * ########
#..p...# # #.....p# * ** #
#......# * ,,* # #......#
*, ,, * # #......# , * # *
* * , , #


You could see an ironbound preserver (strong, fleeing), a vault warden (strong),
a vault guard, an ironbound convoker (fleeing, catching breath) and a yaktaur
(fleeing).

Vanquished Creatures
  Vashnia (Snake:2)
  A lich (Abyss:2)
  4 krakens (Shoals:3)
  A tentacled starspawn (Abyss:2)
  A tengu reaver (Vaults:1)
  Agnes (Snake:3)
  Donald (Snake:3)
  The ghost of xsansara the Severer, a journeyman MiBe of Trog (Orc:1)
  7 nagarajas
  2 deep elf elementalists (Orc:1)
  4 vault wardens (Vaults:1)
  Aizul (Snake:1)
  9 ironbound preservers (Vaults:1)
  2 stone giants
  An orc warlord (Orc:2)
  An ironbound thunderhulk (Vaults:1)
  2 war gargoyles (Vaults:1)
  A deep elf annihilator (Vaults:1)
  A purple draconian (Abyss:2)
  7 dire elephants (Vaults:1)
  9 merfolk impalers
  Snorg (Orc:2)
  2 merfolk javelineers
  A fire dragon (Lair:5)
  A crystal guardian (Vaults:1)
  The ghost of Querens the Ninja, a journeyman SpEn of Wu Jian (Snake:1)
  An ettin (Orc:2)
  The ghost of s4kkeboi the Carver, a journeyman MiBe of Trog (D:10)
  4 yaktaur captains (Vaults:1)
  Josephine (D:10)
  2 vault guards (Vaults:1)
  5 hydras
  A rakshasa (Abyss:2)
  4 salamander tyrants
  An ice dragon (Lair:5)
  A peacekeeper (Vaults:1)
  2 ironbound frosthearts (Vaults:1)
  4 ogre magi
  5 centaur warriors
  A catoblepas (Lair:5)
  3 merfolk aquamancers
  6 satyrs (Shoals:4)
  7 anacondas
  4 merfolk avatars
  2 alligator snapping turtles
  23 death yaks
  14 two-headed ogres
  15 naga warriors
  5 boulder beetles
  5 tengu warriors
  2 thrashing horrors (Abyss:2)
  12 naga sharpshooters
  A hell knight (D:15)
  4 shock serpents
  7 skeletal warriors
  A sixfirhy (Abyss:2)
  2 salamander mystics (Snake:3)
  4 naga ritualists (Snake:4)
  11 sea snakes
  19 deep trolls
  A flayed ghost (Abyss:2)
  6 lindwurms
  3 deep elf zephyrmancers (Orc:1)
  A swamp dragon (Lair:5)
  Pikel (D:6)
  5 mana vipers
  3 wizards
  4 ironbound convokers (Vaults:1)
  3 orc knights
  2 orc sorcerers
  A wolf spider (Vaults:1)
  11 ugly things
  5 deep elf pyromancers
  20 harpies
  A mana viper (shapeshifter) (D:14)
  13 cyclopes
  9 manticores
  24 salamanders
  31 fauns
  6 water nymphs
  8 moths of wrath (Orc:1)
  19 elephants
  15 naga magi
  A centaur zombie (D:10)
  26 black mambas
  8 merfolk sirens
  A smoke demon (Abyss:2)
  Maurice (D:8)
  5 torpor snails (Lair:5)
  Joseph (D:8)
  3 guardian serpents (Snake:4)
  4 vault sentinels (Vaults:1)
  A gargoyle (D:12)
  14 cane toads
  3 efreet
  6 yaktaurs (Vaults:1)
  2 rime drakes
  3 unseen horrors
  4 tengu conjurers
  9 komodo dragons
  4 freezing wraiths
  A silent spectre (Orc:1)
  16 merfolk
  3 polar bears
  2 wolf spider simulacra
  A troll (shapeshifter) (D:15)
  17 trolls
  4 large abominations (Abyss:2)
  2 polar bears (shapeshifter)
  10 wind drakes
  A tarantella (shapeshifter) (D:14)
  3 tyrant leeches (Lair:5)
  13 blink frogs
  7 hornets (Lair:5)
  9 slime creatures
  8 dream sheep
  14 snapping turtles
  A vampire (D:11)
  2 shadows
  9 water elementals
  4 wraiths
  6 steam dragons
  A fire elemental (Lair:3)
  4 wyverns
  52 yaks
  3 ynoxinuls (Abyss:2)
  3 basilisks
  A neqoxec (Abyss:2)
  6 vampire mosquitoes
  A warg (Orc:2)
  A small abomination (Abyss:2)
  29 nagas
  3 acid dragons
  9 water moccasins
  3 ice beasts
  27 orc warriors
  4 swamp drakes (Lair:5)
  A black bear (shapeshifter) (D:14)
  A sky beast (D:7)
  5 black bears
  27 ogres
  3 phantoms
  12 centaurs
  6 wolves (Lair:2)
  A lemure (D:6)
  4 kobold brigands
  A bullfrog (shapeshifter) (Vaults:1)
  3 scorpions
  13 bullfrogs
  3 necrophages
  3 gnoll sergeants
  14 wights
  5 killer bees (D:9)
  5 howler monkeys
  4 electric eels (D:11)
  A lava snake (Lair:3)
  3 jellies
  3 hounds
  11 orc priests
  2 gnoll boudas
  9 iguanas
  21 orc wizards
  5 hell rats (Lair:3)
  A howler monkey zombie (D:10)
  24 gnolls
  5 adders
  A shadow imp (Abyss:2)
  A white imp (D:7)
  2 ufetubi
  A dart slug (D:2)
  3 worms
  79 orcs
  3 bats (D:3)
  5 endoplasms
  4 goblins
  6 hobgoblins
  9 jackals
  19 kobolds
  5 quokkas
  5 ball pythons
  4 frilled lizards (D:1)
  4 rats
  A spectral kobold (D:12)
  7 tentacles (Shoals:3)
1167 creatures vanquished.

Vanquished Creatures (collateral kills)
  An orc knight (Orc:1)
1 creature vanquished.

Vanquished Creatures (others)
  A cyclops (D:15)
  A merfolk (Shoals:1)
  A raiju (Abyss:2)
  An iguana (Lair:5)
  A gnoll (D:5)
  A shadow imp (D:7)
  10 fungi
  A lurking horror (Abyss:2)
  213 plants
  7 tentacles (Shoals:3)
237 creatures vanquished.

Grand Total: 1405 creatures vanquished

Notes
Turn   | Place    | Note
-------+----------+-------------------------------------------
     0 | D:1      | NoAnimeNoLife the Octopode Transmuter began the quest for
                  | the Orb.
     0 | D:1      | Reached XP level 1. HP: 13/13 MP: 3/3
    57 | D:1      | Reached skill level 1 in Stealth
    68 | D:1      | Reached XP level 2. HP: 14/18 MP: 5/5
   725 | D:1      | Reached XP level 3. HP: 23/23 MP: 4/6
  1484 | D:3      | Noticed a necrophage
  1514 | D:3      | Killed a necrophage
  1515 | D:3      | Reached XP level 4. HP: 23/28 MP: 7/7
  1556 | D:3      | Noticed a black bear
  1565 | D:3      | Killed a black bear
  1566 | D:3      | Reached XP level 5. HP: 23/34 MP: 6/8
  1762 | D:3      | Found an ancient bone altar of Kikubaaqudgha.
  2104 | D:3      | Found a runed translucent door.
  2107 | D:3      | Noticed Crazy Yiuf
  2692 | D:3      | Reached XP level 6. HP: 29/40 MP: 9/9
  2914 | D:4      | Found a staircase to the Ecumenical Temple.
  3235 | D:4      | Found Udghuinn's Assorted Antiques.
  3282 | D:4      | Found an iron altar of Okawaru.
  3598 | D:4      | Found a broken altar of Ashenzari.
  3625 | D:4      | Became a worshipper of Ashenzari the Shackled
  3731 | D:4      | Found Ifejuss's Assorted Antiques.
  3914 | D:5      | Entered Level 5 of the Dungeon
  3928 | D:5      | Noticed an ice beast
  3951 | D:5      | Killed an ice beast
  3952 | D:5      | Reached XP level 7. HP: 28/46 MP: 10/10
  4129 | D:5      | Found Xyuz Qoe's Distillery.
  4159 | D:5      | Bought a potion of curing for 30 gold pieces
  4159 | D:5      | Bought a potion of curing for 30 gold pieces
  4159 | D:5      | Bought a potion of curing for 30 gold pieces
  4159 | D:5      | Bought 2 potions of curing for 60 gold pieces
  4285 | D:5      | Learned a level 2 spell: Wereblood
  4364 | D:5      | Reached XP level 8. HP: 24/52 MP: 11/11
  4446 | D:5      | Reached skill level 5 in Transmutations
  4824 | D:5      | Learned a level 3 spell: Spider Form
  5213 | D:5      | Found a white marble altar of Elyvilon.
  5248 | D:5      | Found a glowing silver altar of Zin.
  5249 | D:5      | Found a glowing golden altar of the Shining One.
  6409 | D:5      | Learned a level 4 spell: Ice Form
  6780 | D:6      | Found a hide-covered altar of Uskayaw.
  6810 | D:6      | Reached skill level 1 in Ice Magic
  6851 | D:6      | Reached XP level 9. HP: 20/54 MP: 12/12
  7235 | D:6      | Identified the +10 long sword "Wukitet" {spect, rN+ Int+4
                  | Dex+4}
  7261 | D:6      | Noticed Pikel
  7279 | D:6      | Killed Pikel
  7280 | D:6      | Reached skill level 5 in Ice Magic
  7399 | D:6      | Reached * piety under Ashenzari
  7400 | D:6      | Found an opulent altar of Gozag.
  7710 | D:7      | Reached skill level 5 in Unarmed Combat
  8061 | D:7      | Reached skill level 5 in Dodging
  8061 | D:7      | Reached XP level 10. HP: 55/65 MP: 13/13
  8651 | D:7      | Reached skill level 5 in Fighting
  9309 | D:8      | Noticed Joseph
  9323 | D:8      | Killed Joseph
  9409 | D:8      | Noticed Maurice
  9748 | D:8      | Killed Maurice
 10006 | D:8      | Reached XP level 11. HP: 26/74 MP: 14/14
 10288 | D:9      | Reached ** piety under Ashenzari
 10311 | D:9      | Noticed a two-headed ogre
 10447 | D:9      | Killed a two-headed ogre
 10479 | D:9      | Found a runed translucent gate.
 10479 | D:9      | Found a runed translucent gate.
 10479 | D:9      | Found a runed translucent gate.
 10480 | D:9      | Noticed Heedrag's ghost (novice DsCj)
 10480 | D:9      | Noticed a nine-headed hydra
 10481 | D:9      | Noticed a ten-headed hydra
 10494 | D:9      | Noticed a manticore
 10507 | D:9      | Killed a manticore
 10869 | D:9      | Found a shimmering altar of Xom.
 11058 | D:9      | Found a snail-covered altar of Cheibriados.
 11431 | D:10     | Entered Level 10 of the Dungeon
 11472 | D:10     | Found a runed translucent gate.
 11472 | D:10     | Found a runed translucent gate.
 11472 | D:10     | Found a runed translucent gate.
 11472 | D:10     | Noticed s4kkeboi's ghost (journeyman MiBe)
 11472 | D:10     | Noticed Josephine
 11474 | D:10     | Noticed a deep elf pyromancer
 11475 | D:10     | Found a basalt altar of Yredelemnul.
 11483 | D:10     | Killed Josephine
 11781 | D:10     | Killed a deep elf pyromancer
 11822 | D:10     | Killed s4kkeboi's ghost
 12157 | D:10     | Reached XP level 12. HP: 85/85 MP: 15/15
 12159 | D:10     | Reached skill level 1 in Poison Magic
 12493 | D:10     | Found a bloodstained altar of Trog.
 12523 | D:10     | Found a burning altar of Makhleb.
 12555 | D:10     | Found a shadowy altar of Dithmenos.
 12579 | D:10     | Found Xergheuci's Jewellery Shoppe.
 12586 | D:10     | Bought a +4 ring of protection for 468 gold pieces
 12612 | D:10     | Found a staircase to the Lair.
 12717 | D:10     | Reached *** piety under Ashenzari
 12867 | D:11     | Reached skill level 5 in Poison Magic
 12992 | D:11     | Noticed a two-headed ogre
 13010 | D:11     | Killed a two-headed ogre
 13043 | D:11     | Learned a level 4 spell: Olgreb's Toxic Radiance
 13207 | D:11     | Reached skill level 10 in Unarmed Combat
 13519 | D:11     | Reached **** piety under Ashenzari
 14209 | D:12     | Noticed a centaur warrior
 14216 | D:12     | Killed a centaur warrior
 14287 | D:12     | Found a hazy altar of Hepliaklqana.
 14562 | D:12     | Found a staircase to the Orcish Mines.
 14792 | D:12     | Reached XP level 13. HP: 68/90 MP: 16/16
 15205 | Lair:1   | Entered Level 1 of the Lair of Beasts
 15222 | Lair:1   | Reached skill level 10 in Dodging
 15226 | Lair:1   | Reached skill level 10 in Fighting
 17004 | Lair:2   | Found a runed translucent gate.
 17004 | Lair:2   | Found a runed translucent gate.
 17004 | Lair:2   | Found a runed translucent gate.
 17017 | Lair:2   | Noticed Opifex's ghost (journeyman TrFi)
 17216 | Lair:3   | Found a staircase to the Snake Pit.
 17668 | Lair:3   | Identified the Catalogue of Algid Stolen Souls
 18137 | Lair:3   | Found a staircase to the Shoals.
 18243 | Lair:3   | Reached XP level 14. HP: 101/101 MP: 17/17
 18687 | Lair:4   | Reached skill level 10 in Transmutations
 19878 | Lair:5   | Entered Level 5 of the Lair of Beasts
 19914 | Lair:5   | Reached skill level 5 in Spellcasting
 20827 | Lair:5   | Found a runed translucent door.
 20995 | Lair:5   | Reached XP level 15. HP: 107/107 MP: 26/26
 22621 | Lair:5   | Identified the +4 rapier "Feokut" {flame, Contam Int+3
                  | Dex+3}
 22692 | Lair:5   | Found a staircase to the Slime Pits.
 22693 | Lair:5   | Found a viscous altar of Jiyva.
 23347 | Orc:1    | Entered Level 1 of the Orcish Mines
 23448 | Orc:1    | Found a bloodstained altar of Trog.
 23448 | Orc:1    | Identified the +0 plate armour of Reason {Regen+ MP+9
                  | Str+5}
 23448 | Orc:1    | Found the necklace of Bloodlust {*Rage Will++ Int-3 Slay+6}
 23483 | Orc:1    | Reached ***** piety under Ashenzari
 23534 | Orc:1    | Found a runed translucent door.
 23714 | Orc:1    | Found a transporter.
 23732 | Orc:1    | Found Haopn's Antique Armour Shoppe.
 23923 | Orc:1    | Noticed xsansara's ghost (journeyman MiBe)
 23957 | Orc:2    | Entered Level 2 of the Orcish Mines
 24059 | Orc:2    | Reached skill level 10 in Stealth
 24281 | Orc:2    | Found Sosushro's Distillery.
 24310 | Orc:2    | Found Yzehutin's Antique Armour Emporium.
 24319 | Orc:2    | Found Ypluiqoz's Antique Weapon Shop.
 24320 | Orc:2    | Found Jos Hiokk's Book Shop.
 24324 | Orc:2    | Found a staircase to the Elven Halls.
 24331 | Orc:2    | Noticed an orc warlord
 24365 | Orc:2    | Killed an orc warlord
 24827 | Orc:2    | Bought an Inescapable Atlas for 544 gold pieces
 25059 | Orc:2    | Noticed Snorg
 25077 | Orc:2    | Killed Snorg
 25078 | Orc:2    | Reached skill level 1 in Air Magic
 25508 | Snake:1  | Entered Level 1 of the Snake Pit
 25553 | Snake:1  | Reached XP level 16. HP: 118/118 MP: 31/31
 25604 | Shoals:1 | Entered Level 1 of the Shoals
 25664 | Shoals:1 | Reached skill level 1 in Translocations
 27268 | Shoals:2 | HP: 7/141 [manticore/volley of spikes (14)]
 27426 | Abyss:2  | Found a corrupted altar of Lugonu.
 27426 | Abyss:2  | Cast into level 2 of the Abyss (merfolk impaler)
 27445 | Abyss:2  | Learned a level 2 spell: Blink
 27450 | Abyss:2  | Learned a level 4 spell: Airstrike
 27455 | Abyss:2  | Learned a level 4 spell: Manifold Assault
 27463 | Abyss:2  | Learned a level 7 spell: Storm Form
 27532 | Abyss:2  | Noticed a tentacled starspawn
 27739 | Abyss:2  | Reached skill level 15 in Stealth
 27811 | Abyss:2  | Noticed a lich
 27817 | Abyss:2  | Killed a lich
 27818 | Abyss:2  | Reached skill level 5 in Air Magic
 27823 | Abyss:2  | Noticed a tentacled monstrosity
 27996 | Abyss:2  | Noticed a lich
 28127 | Abyss:2  | Noticed a daeva
 28131 | Abyss:2  | Noticed a tentacled starspawn
 28136 | Abyss:2  | Killed a tentacled starspawn
 28141 | Shoals:2 | Escaped the Abyss
 29397 | Shoals:3 | Noticed a kraken
 29397 | Shoals:3 | Noticed a kraken
 29397 | Shoals:3 | Noticed a kraken
 29397 | Shoals:3 | Noticed a kraken
 29677 | Shoals:3 | Reached skill level 10 in Air Magic
 29677 | Shoals:3 | Reached XP level 17. HP: 124/124 MP: 32/32
 29695 | Shoals:3 | Killed a kraken
 29718 | Shoals:3 | Killed a kraken
 29760 | Shoals:3 | Killed a kraken
 29804 | Shoals:3 | Killed a kraken
 30551 | Shoals:4 | Entered Level 4 of the Shoals
 30688 | Shoals:4 | Got a barnacled rune of Zot
 30743 | Shoals:4 | Identified Sif Muna's Quarto of Shapes
 30874 | Shoals:4 | Identified the Disquisition on Mutagenic Conjuration
 31299 | Shoals:4 | Identified the +6 falchion "Xosoyna" {freeze, rPois}
 32176 | Snake:1  | Noticed Aizul
 32190 | Snake:1  | Killed Aizul
 32284 | Snake:1  | Found a runed translucent door.
 32911 | Snake:1  | Reached XP level 18. HP: 128/128 MP: 4/33
 33158 | Snake:1  | Noticed Querens's ghost (journeyman SpEn)
 33163 | Snake:1  | Killed Querens's ghost
 33480 | Snake:2  | Noticed Vashnia
 33819 | Snake:2  | Identified the +8 quarterstaff of the Howling One {speed,
                  | rPois rC+ Dex+4}
 33827 | Snake:2  | Reached skill level 1 in Shields
 34211 | Orc:1    | Killed xsansara's ghost
 34751 | Snake:2  | Killed Vashnia
 36274 | Snake:3  | Identified the cursed +2 buckler of the Clairvoyant Comet
                  | {AC+3, Melee, Cun} (You found it on level 1 of the Orcish
                  | Mines)
 36361 | Snake:3  | Noticed Agnes
 36368 | Snake:3  | Killed Agnes
 36369 | Snake:3  | Reached skill level 5 in Translocations
 36704 | Snake:3  | Noticed Donald
 36714 | Snake:3  | Killed Donald
 37417 | Snake:4  | Entered Level 4 of the Snake Pit
 37793 | Snake:4  | Reached skill level 1 in Evocations
 38553 | Snake:4  | Reached skill level 5 in Evocations
 38887 | Snake:4  | Reached XP level 19. HP: 135/138 MP: 2/34
 38935 | Snake:4  | Got a serpentine rune of Zot
 39205 | Snake:4  | Found Taecruff's Jewellery Boutique.
 39205 | Snake:4  | Found Qoqewif's Book Shoppe.
 39206 | Snake:4  | Found Oczih's Book Shoppe.
 39216 | Snake:4  | Bought a book of the Sky for 660 gold pieces
 39577 | D:13     | Reached skill level 1 in Conjurations
 40520 | D:14     | Found a gate to the Vaults.
 40545 | D:14     | Reached skill level 5 in Conjurations
 40772 | D:14     | Found the brooch of Shielding {Spirit SH+8}
 41343 | D:15     | Entered Level 15 of the Dungeon
 41989 | Orc:1    | Found a transporter.
 41989 | Orc:1    | Found a runed translucent door.
 43070 | D:15     | Found a staircase to the Depths.
 44137 | Vaults:1 | Entered Level 1 of the Vaults
 44340 | Vaults:1 | Reached skill level 15 in Transmutations
 45055 | Vaults:1 | Reached XP level 20. HP: 129/139 MP: 33/33
 45376 | Vaults:1 | Reached skill level 10 in Conjurations
 46560 | Vaults:1 | HP: 3/139 [vault warden/+0 bardiche of flaming (5)]
 46560 | Vaults:1 | Slain by a vault guard

Illustrated notes

Levels and vault maps discovered:
D:1:      heliophobic_arrival_ceremonial_halls, layout_loops_ring
D:2:      layout_loops_ring
D:3:      layout_basic, nicolae_overflow_hidden_temple, serial_rivers,
          chequers_serial_rivers_micro_b, chequers_serial_rivers_marsh,
          chequers_serial_rivers_large_a, chequers_serial_rivers_marsh,
          chequers_serial_rivers_micro_a, chequers_serial_rivers_small_3,
          minmay_hedge_maze, minmay_crystal_water, uniq_crazy_yiuf_cottage
D:4:      layout_basic, evilmike_ruin_ashenzari, mainiacjoe_overflow_chevrons,
          minmay_temple_entry_from_below_b, serial_shops, shop, shop_coins
D:5:      layout_cave_pools, good_gods_temple_1, serial_shops,
          kennysheep_little_box
D:6:      layout_rooms, general_overflow_altar,
          mainiacjoe_overflow_small_starburst, cheibrodos_sewer_entry_sluice,
          minmay_unpleasant_kobolds, uniq_pikel
D:7:      minmay_razor_zed, layout_cave_pools, minmay_misc_feat_tiny,
          grunt_tough_drop
D:8:      layout_rooms, minmay_misc_feat_four_crosses, minivault_27,
          uniq_joseph, uniq_maurice
D:9:      layout_cave_pods, mainiacjoe_overflow_paths, lemuel_round_altar,
          gammafunk_ghost_hydra_chop
D:10:     layout_loops_ring, grunt_dithmenos_shadows, kennysheep_mini,
          nicolae_yredelemnul_ghost_church, lightli_temple_of_fire,
          serial_shops, nicolae_shop_advertising_works
          [nicolae_subvault_shop_adworks], minivault_5, uniq_josephine
D:11:     layout_basic, minmay_starry_boxes
D:12:     layout_gridville, david_orc_5, serial_co_window_serial,
          co_window_corner_a, co_window_paths_a, co_window_cross_1,
          co_window_corner_a, co_window_paths_a, co_window_corner_a,
          co_window_paths_a, co_window_unsneaky_path_d,
          co_window_unsneaky_path_d, co_window_broadway_b, co_window_corner_b,
          co_window_broadway_a, glass_columns_c, glass_columns_b,
          nicolae_hepliaklqana_monster_ancestors
D:13:     layout_irregular_city
D:14:     layout_loops_ring, david_vaults_2, kennysheep_minor_cross,
          nicolae_concentric_dashed_squares_wild
D:15:     hangedman_depths_entry_civil_slaughter, layout_loops_cross,
          serial_shops, bzr_firewalk, roderic_lattice_a, minivault_26
Lair:1:   layout_misc_corridors
Lair:2:   layout_misc_corridors, gammafunk_ghost_necromancy,
          serial_bayou_shore_a
Lair:3:   layout_gridlike, elwin_shoals_entry_rocks,
          minmay_snake_entry_six_corridors
Lair:4:   layout_regular_city, grunt_megastairs_1, lemuel_fruit_fields
Lair:5:   guppyfry_lair_end_dragon, layout_gridlike, wormcave, slime_entry_1,
          lemuel_fruit_tree, grunt_megastairs_3
Shoals:1: layout_shoals, nzn_prometheus_bound
Shoals:2: layout_shoals, centaur_isle
Shoals:3: layout_shoals, nicolae_shoals_kraken_party
Shoals:4: shoals_end_grunt_garden, layout_shoals
Snake:1:  layout_onion, ebering_ghost_reflecting_pool, nicolae_triple_integral,
          uniq_aizul
Snake:2:  layout_misc_corridors, grunt_ministairs_6, uniq_vashnia
Snake:3:  layout_grid_maze, grunt_megastairs_5, uniq_donald, uniq_agnes
Snake:4:  grunt_snake_rune_pools, layout_misc_corridors, minmay_shop_grove
Orc:1:    emtedronai_trogs_sanctum, layout_diamond_mine, serial_shops,
          nicolae_shop_temple_entry_statues_fountains,
          ebering_ghost_reflecting_pool
Orc:2:    st_orc_open, layout_caves, basic_altar,
          nicolae_volcano_entry_two_sided, uniq_snorg
Vaults:1: st_star, v_alt_pattern_6, nicolae_vaults_network_square,
          hangedman_vaults_nails, nicolae_vaults_disjoint_gnomons,
          ontoclasm_vaults_ligature, ontoclasm_vaults_bender,
          ontoclasm_vaults_twist, nicolae_vaults_yaktaur_gun_rack,
          nicolae_vaults_mini_display_case, nicolae_vaults_little_squares_4,
          vaults_room_pools, layout_vaults_omnicross

Skill      XL: |  1  2  3  4  5  6  7  8  9 10 11 12 13 14 15 16 17 18 19 20 |
---------------+-------------------------------------------------------------+-----
Stealth        | 2 3 6 13 15 | 15.3
Fighting       | 2 3 4 6 9 11 12 | 12.7
Dodging        | 3 4 5 7 9 11 | 11.6
Unarmed Combat | 4 5 7 9 12 13 | 13.0
Transmutations | 4 8 9 12 14 15 | 15.7
Ice Magic      | 2 6 |  6.4
Poison Magic   | 6 |  6.9
Spellcasting   | 7 9 |  9.4
Air Magic      | 1 10 13 | 13.1
Translocations | 1 7 |  7.6
Shields        | 2 |  2.2
Evocations     | 7 8 |  8.2
Conjurations   | 9 12 | 12.2

Action                   |  1- 3 |  4- 6 |  7- 9 | 10-12 | 13-15 | 16-18 | 19-21 || total
-------------------------+-------+-------+-------+-------+-------+-------+-------++-------
Melee: Unarmed           |    73 |    76 |   285 |   462 |   555 |   847 |   456 ||  2754
       Constrict         |    21 |    17 |    29 |     3 |       |     1 |     1 ||    72
       Tentacles         |    15 |    15 |    35 |     3 |       |     3 |     2 ||    73
       Kick              |     5 |    14 |    40 |       |       |       |       ||    59
       Punch             |     2 |     2 |     6 |       |       |    63 |    40 ||   113
 Cast: Beastly Appendage |    25 |    29 |    25 |       |       |     2 |       ||    81
       Wereblood         |       |       |    16 |    27 |     8 |     5 |     4 ||    60
       Spider Form       |       |       |     3 |     1 |     4 |       |       ||     8
       Ice Form          |       |       |    17 |    50 |    82 |    19 |       ||   168
       Olgreb's Toxic Ra |       |       |       |    18 |   125 |    98 |       ||   241
       Storm Form        |       |       |       |       |       |    90 |    59 ||   149
       Manifold Assault  |       |       |       |       |       |   260 |   142 ||   402
       Blink             |       |       |       |       |       |     2 |       ||     2
       Airstrike         |       |       |       |       |       |     3 |       ||     3
Invok: Curse Item        |       |       |     2 |     6 |     1 |     3 |     1 ||    13
       Shatter the Chain |       |       |       |       |       |     2 |     2 ||     4
 Abil: Blinkbolt         |       |       |       |       |       |    22 |       ||    22
Evoke: Wand              |       |     4 |    17 |     9 |     1 |     7 |     1 ||    39
       Condenser vane    |       |       |       |       |     3 |     3 |       ||     6
       Phial of floods   |       |       |       |       |       |     1 |       ||     1
  Use: Potion            |     1 |     4 |     4 |     7 |     3 |    15 |     3 ||    37
       Scroll            |     1 |     4 |     1 |     1 |     2 |     8 |     3 ||    20
 Stab: Sleeping          |     8 |     9 |     7 |     6 |     8 |    11 |     2 ||    51
       Invisible         |     1 |       |       |       |       |       |       ||     1
       Distracted        |       |       |     1 |       |     1 |     4 |     2 ||     8
       Petrified         |       |       |       |       |     3 |       |       ||     3
Armor: Skin              |     4 |    10 |    66 |   133 |   155 |   173 |    50 ||   591
Dodge: Dodged            |    48 |    47 |   167 |   270 |   499 |   670 |   237 ||  1938
Block: Buckler           |       |       |       |       |       |     4 |     5 ||     9
       Other             |       |       |       |       |       |       |     3 ||     3
       Reflection        |       |       |       |       |       |       |     1 ||     1

Table legend: (Time is in decaauts)
 A = Elapsed time spent in this place.
 B = Non-inter-level travel time spent in this place.
 C = Inter-level travel time spent in this place.
 D = Time resting spent in this place.
 E = Time spent auto-exploring this place.
 F = Levels seen in this place.
 G = Mean time per level.
                   A        B        C        D        E       F      G
               +--------+--------+--------+--------+--------+-----+--------+
         Total |  45944 |  43234 |   2710 |   9122 |  26982 |  32 | 1435.8 |
       Dungeon |  19437 |  18169 |   1268 |   3446 |  12027 |  15 | 1295.8 |
          Lair |   7865 |   7414 |    451 |   1764 |   4454 |   5 | 1573.0 |
        Shoals |   5526 |   5324 |    202 |    521 |   3764 |   4 | 1381.5 |
     Snake Pit |   6795 |   6361 |    434 |   2075 |   3346 |   4 | 1698.8 |
  Orcish Mines |   3259 |   2907 |    352 |    688 |   1523 |   2 | 1629.5 |
        Vaults |   2362 |   2362 |      0 |    215 |   1773 |   1 | 2362.0 |
         Abyss |    697 |    697 |      0 |    410 |     95 |   1 |  697.0 |
               +--------+--------+--------+--------+--------+-----+--------+

Top non-repeatable levels by time:
  Lair:5: 2943 daAuts
 Snake:1: 2411 daAuts
Vaults:1: 2362 daAuts
     D:5: 2311 daAuts
   Orc:1: 2072 daAuts
     D:7: 1907 daAuts
 Snake:4: 1735 daAuts
  Lair:4: 1693 daAuts
    D:10: 1661 daAuts
Shoals:1: 1617 daAuts
    D:15: 1544 daAuts
    D:12: 1541 daAuts
  Lair:3: 1521 daAuts
Shoals:2: 1482 daAuts
     D:9: 1441 daAuts
